 Dungeon Crawl Stone Soup version 0.26.1-11-gd32895ea62 (webtiles) character file.

Game seed: 2760340685694112713

8519 Amplified the Fighter (level 11, -1/81 HPs)
             Began as a Demonspawn Delver on Apr 29, 2021.
             Was an Elder of Hepliaklqana.
             Slain by a vampire mosquito (3 damage)
             ... on level 13 of the Dungeon on Apr 30, 2021.
             The game lasted 00:15:33 (11653 turns).

Amplified the Fighter (Demonspawn Delver)          Turns: 11653, Time: 00:15:34

Health: -1/81      AC: 13    Str: 15    XL:     11   Next: 11%
Magic:  11/11      EV: 12    Int: 13    God:    Hepliaklqana [****..]
Gold:   434        SH: 10    Dex: 14    Spells: 10/10 levels left

rFire    . . .     SeeInvis .   b - +0 war axe
rCold    . . .     Faith    .   d - +0 kite shield
rNeg     . . .     Spirit   .   j - +1 leather armour "Ugeloun" {*Corrode +Fly rPois Slay+5}
rPois    +         Reflect  .   r - +1 helmet
rElec    .         Harm     .   (no cloak)
rCorr    .         Rampage  .   l - +1 pair of gloves
Will     .....                  t - +2 pair of boots
Stlth    +++.......             (no amulet)
HPRegen  0.23/turn              k - ring of flight
MPRegen  0.12/turn              s - ring of wizardry

@: no status effects
A: reduced essence, claws 2, slimy green scales 1, powered by death 1, miasma
immunity
a: Renounce Religion, Evoke Flight, Recall Ancestor, Ancestor Identity,
Transference, Idealise


You were on level 13 of the Dungeon.
You worshipped Hepliaklqana.
Hepliaklqana was greatly pleased with you.
You visited 1 branch of the dungeon, and saw 11 of its levels.

You collected 495 gold pieces.
You spent 61 gold pieces at shops.

Inventory:

Hand Weapons
 b - a +0 war axe (weapon)
Missiles
 m - 29 poisoned darts (quivered)
Armour
 d - a +0 kite shield (worn)
 j - the +1 leather armour "Ugeloun" (worn) {*Corrode +Fly rPois Slay+5}
   (You found it on level 6 of the Dungeon)

   It affects your accuracy and damage with ranged weapons and melee attacks
   (+5).
   It protects you from poison.
   It lets you fly.
   It may corrode you when you take damage.
 l - a +1 pair of gloves (worn)
 r - a +1 helmet (worn)
 t - a +2 pair of boots (worn)
Jewellery
 k - a ring of flight (left hand)
 s - a ring of wizardry (right hand)
Wands
 f - a wand of iceblast (12)
 g - a wand of digging (2)
 h - a wand of acid (10)
 n - a wand of random effects (23)
 q - a wand of disintegration (11)
Scrolls
 a - 9 scrolls of identify
 c - 4 scrolls of fog
 p - a scroll of blinking
 u - a scroll of fear
 w - a scroll of enchant weapon
 y - a scroll of teleportation
Potions
 i - 2 potions of magic
 o - 2 potions of flight
 x - a potion of attraction
Miscellaneous
 v - a phantom mirror


   Skills:
 * Level 10.1 Fighting
 * Level 9.1 Axes
 - Level 2.9 Armour
 - Level 3.5 Dodging
 - Level 5.7 Stealth
 * Level 7.5 Shields
 - Level 3.1 Evocations


You had 10 spell levels left.
You didn't know any spells.
Your spell library contained the following spells:

 Spells                   Type           Power        Failure   Level
 Animate Skeleton         Necr           0%           36%         1
 Apportation              Tloc           0%           36%         1
 Corona                   Hex            0%           36%         1
 Summon Small Mammal      Summ           0%           36%         1
 Call Imp                 Summ           0%           50%         2
 Call Canine Familiar     Summ           0%           71%         3
 Summon Guardian Golem    Hex/Summ       0%           71%         3
 Summon Ice Beast         Ice/Summ       0%           98%         4
 Summon Lightning Spire   Summ/Air       0%           98%         4


Dungeon Overview and Level Annotations

Branches:
Dungeon (13/15)              Lair (0/6) D:8
 Temple: D:4-7          Orc: D:9-12      Vaults: D:13-14

Altars:
Ashenzari
Cheibriados
Dithmenos
Elyvilon
Gozag
Hepliaklqana
Kikubaaqudgha
Ru
Vehumet
Xom
Yredelemnul
Zin

Shops:
D:6 *((=   D:8 *   D:10 [*?

Annotations:
D:10 Acquire loads of money for armour.


Innate Abilities, Weirdness & Mutations

You have very sharp fingernails.
You are partially covered in slimy green scales. (AC +2)
You regenerate a little health from kills.
You are immune to miasma.
Your life essence is reduced to manifest your ancestor. (-10% HP)


Message History

The vampire mosquito bites you but does no damage.
You block the vampire mosquito's attack.
The vampire mosquito bites you but does no damage.
The centaur warrior hits you but does no damage.
The vampire mosquito bites you but does no damage.
The vampire mosquito barely misses you.
You slash the centaur warrior!
The centaur warrior is moderately wounded.
You hit the vampire mosquito. You closely miss the vampire mosquito.
You slash the wyvern zombie! You barely miss the vampire mosquito.
You feel less wooden.
Your +1 helmet unmelds from your body.
Your +1 pair of gloves unmelds from your body.
Your +2 pair of boots unmelds from your body.
The +1 leather armour "Ugeloun" {*Corrode +Fly rPois Slay+5} unmelds from your body.
The vampire mosquito bites you!
* * * LOW HITPOINT WARNING * * *
The vampire mosquito draws strength from your injuries!
The vampire mosquito bites you.
You die...

.... ....########.#
.... .............#
.. .............#
............
......... #.....
... #cyZ##### ....
.. . #y@y....#.....
..
...##)).....#.....
..
#..........#.....
..
#.....(..........
..
#...###(().......
..
.....#....((......
..
......#.......(....
.
......#............
. .#. ######.......
.


You could see a centaur warrior, 3 vampire mosquitoes and a wyvern zombie.

Vanquished Creatures
  Erica (D:9)
  2 komodo dragons (D:8)
  A troll (D:10)
  2 wraiths
  2 wyverns (D:8)
  5 yaks (D:11)
  A vampire mosquito (D:13)
  2 steam dragons
  A water moccasin (D:5)
  3 orc warriors
  3 sky beasts
  2 ogres
  A necrophage (D:8)
  10 centaurs
  A big kobold (D:10)
  4 bullfrogs
  2 scorpions
  4 killer bees (D:11)
  5 wights
  A howler monkey (D:10)
  An electric eel (D:11)
  2 bullfrog zombies (D:7)
  2 jellies
  2 bullfrog skeletons
  4 orc priests
  2 hounds
  An iron imp (D:7)
  An iguana (D:7)
  9 orc wizards
  7 worker ants
  3 hound zombies
  2 hound skeletons
  A worker ant zombie (D:4)
  11 adders
  4 white imps
  3 ufetubi
  2 adder skeletons
  A worm (D:6)
  A dart slug (D:3)
  3 leopard geckos
  37 orcs
  A bat (D:3)
  2 giant cockroaches
  2 goblins (D:3)
  A hobgoblin (D:3)
  3 jackals (D:3)
  3 quokkas
  2 frilled lizards (D:3)
  A giant cockroach zombie (D:4)
  5 kobolds
  2 quokka skeletons
  A rat (D:3)
  A spectral orc (D:6)
176 creatures vanquished.

Vanquished Creatures (collateral kills)
  A two-headed ogre (D:9)
  A yak (D:11)
  An orc warrior (D:10)
  2 ogres
  An ice beast (D:8)
  A sky beast (D:11)
  A centaur (D:6)
  A bullfrog (D:10)
  A wight (D:12)
  An electric eel (D:11)
  A hound (D:8)
  A jelly (D:8)
  An orc priest (D:11)
  2 orc wizards (D:10)
  An iguana (D:4)
  3 worker ants
  A hound skeleton (D:4)
  An adder (D:7)
  A shadow imp (D:9)
  An ooze (D:4)
  2 worms
  A dart slug (D:3)
  A leopard gecko (D:6)
  5 orcs
  A giant cockroach (D:7)
  A bat (D:3)
  A frilled lizard (D:3)
  A leopard gecko zombie (D:4)
37 creatures vanquished.

Vanquished Creatures (others)
  An orc priest (D:8)
  4 hexers
  An orc (D:8)
  3 ancestors
  8 plants
  A withered plant (D:4)
18 creatures vanquished.

Grand Total: 231 creatures vanquished

Notes
Turn   | Place    | Note
-------+----------+-------------------------------------------
     0 | D:5      | Amplified the Demonspawn Delver began the quest for the
                  | Orb.
     0 | D:5      | Reached XP level 1. HP: 18/18 MP: 1/1
     1 | D:5      | Noticed a sky beast
    10 | D:6      | Noticed a centaur
    32 | D:5      | Noticed a sky beast
    32 | D:5      | Noticed a water moccasin
   290 | D:4      | Found a hazy altar of Hepliaklqana.
   293 | D:4      | Became a worshipper of Hepliaklqana the Forgotten
   299 | D:4      | Gained mutation: You regenerate a little health from kills.
                  | [demonic ancestry]
   299 | D:4      | Reached XP level 2. HP: 21/21 MP: 2/2
   333 | D:4      | Gained mutation: You are immune to miasma. [demonic
                  | ancestry]
   333 | D:4      | Reached XP level 3. HP: 10/26 MP: 3/3
   595 | D:4      | Reached skill level 1 in Evocations
  1063 | D:4      | Reached skill level 1 in Armour
  1063 | D:4      | Reached XP level 4. HP: 13/33 MP: 4/4
  1367 | D:4      | Reached XP level 5. HP: 11/37 MP: 5/5
  1999 | D:3      | Reached skill level 4 in Fighting
  2665 | D:3      | Found a shadowy altar of Dithmenos.
  2666 | D:3      | Reached * piety under Hepliaklqana
  2694 | D:3      | Reached skill level 5 in Stealth
  3268 | D:5      | Noticed a sky beast
  3290 | D:5      | Killed a sky beast
  3291 | D:5      | Gained mutation: You have sharp fingernails. [demonic
                  | ancestry]
  3291 | D:5      | Reached XP level 6. HP: 44/44 MP: 6/6
  3293 | D:5      | Killed a sky beast
  3381 | D:5      | Killed a water moccasin
  3382 | D:5      | Reached XP level 7. HP: 32/49 MP: 4/7
  3655 | D:6      | Got an ichor-stained leather armour
  3679 | D:6      | Identified the +1 leather armour "Ugeloun" {*Corrode +Fly
                  | rPois Slay+5} (You found it on level 6 of the Dungeon)
  3745 | D:6      | Found Abuufuwni's Antique Weapon Emporium.
  3765 | D:6      | Found Vimem's Assorted Antiques.
  3768 | D:6      | Found a radiant altar of Vehumet.
  3773 | D:6      | Bought a scroll labelled YWI ZODGHU VONLI for 33 gold
                  | pieces
  3874 | D:6      | Reached skill level 5 in Fighting
  4205 | D:6      | Found an ancient bone altar of Kikubaaqudgha.
  4618 | D:6      | Reached ** piety under Hepliaklqana
  4690 | D:6      | Found Fatwiat's Antique Weapon Boutique.
  4738 | D:6      | Reached XP level 8. HP: 51/56 MP: 8/8
  4809 | D:6      | Remembered your ancestor Thabo as a hexer
  4895 | D:6      | Found a basalt altar of Yredelemnul.
  5010 | D:6      | Found Aroed's Jewellery Shoppe.
  5226 | D:7      | You fall into a shaft and drop 2 floors!
  5236 | D:9      | You fall into a shaft and drop 1 floor!
  5236 | D:10     | Entered Level 10 of the Dungeon
  5248 | D:9      | Found a glowing silver altar of Zin.
  5344 | D:9      | Reached skill level 5 in Axes
  5353 | D:9      | Reached skill level 1 in Shields
  5368 | D:9      | Found a broken altar of Ashenzari.
  5371 | D:9      | Found an opulent altar of Gozag.
  5374 | D:9      | Found a white marble altar of Elyvilon.
  5377 | D:9      | Found a shimmering altar of Xom.
  5413 | D:9      | Noticed Erica
  5425 | D:9      | Killed Erica
  5426 | D:9      | Reached skill level 6 in Fighting
  5440 | D:9      | Gained mutation: You have very sharp fingernails. [demonic
                  | ancestry]
  5440 | D:9      | Reached XP level 9. HP: 60/63 MP: 9/9
  5534 | D:9      | Reached skill level 7 in Fighting
  5791 | D:7      | Found a snail-covered altar of Cheibriados.
  6701 | D:7      | Reached *** piety under Hepliaklqana
  7114 | D:8      | Noticed a komodo dragon
  7121 | D:8      | Noticed a komodo dragon
  7121 | D:8      | Killed a komodo dragon
  7122 | D:8      | Reached skill level 8 in Fighting
  7128 | D:8      | Reached skill level 5 in Shields
  7128 | D:8      | Killed a komodo dragon
  7479 | D:8      | Gained mutation: You are partially covered in slimy green
                  | scales. (AC +2) [demonic ancestry]
  7479 | D:8      | Reached XP level 10. HP: 62/73 MP: 10/10
  7594 | D:8      | Found a staircase to the Lair.
  7956 | D:8      | Found Nest's Assorted Antiques.
  7964 | D:8      | Bought a scroll labelled QUIVEMUREM for 28 gold pieces
  8354 | D:9      | Noticed a two-headed ogre
  8387 | D:9      | Killed a two-headed ogre
  8513 | D:9      | Found a sacrificial altar of Ru.
  8519 | D:9      | Reached skill level 9 in Fighting
  8921 | D:10     | Found Qevaiwieke's Assorted Antiques.
  9022 | D:10     | Found Supicu's Armour Shop.
  9272 | D:10     | Found Otumog's Book Emporium.
  9630 | D:10     | Reached **** piety under Hepliaklqana
  9640 | D:10     | Found Xoucw's Magic Scroll Shoppe.
 10909 | D:11     | Reached XP level 11. HP: 7/81 MP: 11/11
 11266 | D:11     | Noticed a cyan ugly thing
 11526 | D:12     | Reached skill level 10 in Fighting
 11582 | D:12     | Noticed a purple ugly thing
 11634 | D:13     | Noticed a centaur warrior
 11649 | D:13     | HP: 6/121 [centaur warrior (9)]
 11653 | D:13     | HP: 2/81 [vampire mosquito (10)]
 11653 | D:13     | Slain by a vampire mosquito

Illustrated notes

Levels and vault maps discovered:
D:3:      layout_loops_corners, old_standard_altar
D:4:      layout_loops_cross, overflow_temple_1_default, serial_undead,
          serial_undead_d, serial_undead_a, serial_undead_c, serial_undead_c,
          minmay_misc_feat_tower, nemelex_diamond_rough_becter
D:5:      layout_rooms, minmay_temple_entry_gardened_gates
D:6:      layout_loops_corners, yredelemnul_forgotten_temple_becter,
          fiery_altar_vehumet, old_standard_altar, serial_shops, shop,
          nicolae_shop_behind_doors, shop, nicolae_shop_overgrown_old_shop
D:7:      layout_loops_cross, slow_altar_2, kennysheep_generic_room_9
D:8:      layout_basic, erik_lair_dragon, serial_shops, nicolae_shop_crystal,
          serial_glass, glass_columns_a, glass_columns_b,
          minmay_misc_feat_encased
D:9:      layout_gridville, nicolae_ru_great_annihilating_truth, zin_treasury,
          grunt_temple_overflow_cloverleaf, uniq_erica
D:10:     layout_loops_ring, serial_shops, shop, shop,
          nicolae_shop_behind_doors, shop_fountains, minmay_misc_feat_diagonals,
          grunt_decor_cap, nicolae_twisting_strands
D:11:     layout_loops_corners, erik_orc_2, uniq_snorg
D:12:     layout_basic, minmay_mirror_moons_of_madness
D:13:     layout_basic, basic_altar, serial_shops, shop, special_room
          [special_room_orc]

Skill      XL: |  1  2  3  4  5  6  7  8  9 10 11 |
---------------+----------------------------------+-----
Axes           | 2 3 4 5 7 8 9 |  9.1
Dodging        | 2 3 |  3.5
Evocations     | 1 2 3 |  3.1
Armour         | 1 2 |  2.9
Fighting       | 4 5 6 8 9 10 | 10.1
Stealth        | 5 |  5.7
Shields        | 3 5 7 |  7.5

Action                   |  1- 3 |  4- 6 |  7- 9 | 10-12 || total
-------------------------+-------+-------+-------+-------++-------
Melee: Hand axe          |    53 |   129 |    30 |       ||   212
       War axe           |       |       |   216 |   277 ||   493
Throw: Throwing net      |       |       |     1 |     2 ||     3
       Dart              |       |       |       |     6 ||     6
Invok: Recall Ancestor   |       |     1 |     2 |     1 ||     4
       Ancestor Life: He |       |       |     1 |       ||     1
Evoke: Wand              |     1 |     4 |     9 |     1 ||    15
       Phantom mirror    |       |       |       |     1 ||     1
  Use: Scroll            |     4 |     3 |     4 |     7 ||    18
       Potion            |     2 |     3 |     2 |     6 ||    13
 Stab: Sleeping          |       |     4 |     9 |     4 ||    17
       Distracted        |       |       |     2 |     2 ||     4
       Held in net/web   |       |       |       |     2 ||     2
       Confused          |       |       |       |     1 ||     1
Armor: Leather armour    |    11 |    31 |    70 |    77 ||   189
       Skin              |       |    17 |     4 |   163 ||   184
Dodge: Dodged            |    38 |    91 |   137 |   136 ||   402
Block: Kite shield       |       |       |    87 |   166 ||   253
